 Dungeon Crawl Stone Soup version 0.30-a0-165-g1891117ce2 (webtiles) character file.

Game seed: 5321389010042747984

26964 Iusername the Impaler (level 13, -6/178 HPs)
             Began as a Minotaur Fighter on Sept 27, 2022.
             Mangled by Rupert
             ... wielding a +1 great mace of holy wrath
              (18 damage)
             ... on level 3 of the Lair of Beasts on Sept 28, 2022.
             The game lasted 00:26:54 (15714 turns).

Iusername the Impaler (Minotaur Fighter)           Turns: 15714, Time: 00:26:56

Health: -6/178     AC: 33    Str: 30 (31) XL:     13   Next: 1%
Magic:  12/12      EV:  2    Int:  4 (5)  God:
Gold:   928        SH:  6    Dex:  8 (11) Spells: 12/12 levels left

rFire   . . .      SeeInvis .    a - +5 trident (protect)
rCold   . . .      Faith    .    c - +0 buckler
rNeg    . . .      Spirit   .    (body armour currently unavailable)
rPois   +          Reflect  .    (helmet currently unavailable)
rElec   .          Harm     .    (cloak currently unavailable)
rCorr   .          Rampage  .    (gloves currently unavailable)
Will    .....      NoTele   +    (boots currently unavailable)
Stlth   ++........               r - amulet of regeneration
HPRegen 1.19/turn                x - +4 ring of evasion
MPRegen 0.13/turn                w - +6 ring of strength

@: tree-form, under a protective aura
A: stationary, stasis, torment immunity, boosted hp, (horns 2), (retaliatory
headbutt)
a: no special abilities


You were on level 3 of the Lair of Beasts.
You were a tree.
You visited 2 branches of the dungeon, and saw 17 of its levels.

You collected 928 gold pieces.

Inventory:

Hand Weapons
 a - a +5 trident of protection (weapon)
Missiles
 b - 2 boomerangs (quivered)
 N - 2 throwing nets
Armour
 c - a +0 buckler (worn)
 d - a +1 cloak (melded)
 f - a +0 plate armour (melded)
 m - a +0 pair of boots (melded)
Jewellery
 j - a ring of poison resistance
 r - an amulet of regeneration (around neck)
 w - a +6 ring of strength (right branch)
 x - a +4 ring of evasion (left branch)
 M - a ring of ice
 Q - a +4 ring of evasion
 R - a ring of protection from cold
Wands
 p - a wand of digging (13)
 u - a wand of flame (37)
 y - a wand of polymorph (1)
 L - a wand of charming (5)
 O - a wand of iceblast (6)
 P - a wand of acid (9)
Scrolls
 h - 2 scrolls of torment
 k - 4 scrolls of amnesia
 l - a scroll of magic mapping
 n - 8 scrolls of poison
 o - 3 scrolls of immolation
 s - a scroll of enchant armour {unknown}
 v - a scroll of blinking
 C - a scroll of fog
 D - 5 scrolls of teleportation
Potions
 e - 4 potions of attraction
 g - a potion of lignification
 i - 2 potions of invisibility
 q - a potion of magic
 A - 2 potions of resistance
 B - 2 potions of curing
 E - a potion of cancellation
 F - a potion of flight
 G - 3 potions of mutation
 J - a potion of brilliance
Miscellaneous
 H - a phantom mirror (inert)


   Skills:
 + Level 12.7 Fighting
 + Level 15.8 Polearms
 + Level 2.4 Throwing
 + Level 13.2 Armour
 + Level 4.4 Dodging
 + Level 2.6 Stealth
 + Level 10.3 Shields
 + Level 1.0 Evocations


You had 12 spell levels left.
You didn't know any spells.
Your spell library contained the following spells:

 Spells                   Type           Power      Damage    Failure   Level
 Foxfire                  Conj/Fire      0%         2x1d4     56%         1
 Sting                    Tmut/Pois      0%         1d3       56%         1
 Blink                    Tloc           0%         N/A       71%         2
 Poisonous Vapours        Pois/Air       0%         N/A       71%         2
 Gell's Gravitas          Tloc           0%         N/A       90%         3
 Ignite Poison            Fire/Tmut/Pois 0%         N/A       90%         3
 Inner Flame              Hex/Fire       0%         N/A       90%         3
 Kindle Blastsparks       Fire/Tloc/Air  0%         2d10      90%         3
 Mephitic Cloud           Conj/Pois/Air  0%         N/A       90%         3
 Teleport Other           Tloc           0%         N/A       90%         3
 Flame Wave               Conj/Fire      0%         2d4       100%        4
 Manifold Assault         Tloc           0%         N/A       100%        4
 Olgreb's Toxic Radiance  Pois           0%         N/A       100%        4
 Sticky Flame             Conj/Fire      0%         2d3       100%        4
 Summon Lightning Spire   Summ/Air       0%         N/A       100%        4
 Freezing Cloud           Conj/Ice/Air   0%         6-21      100%        5
 Dispersal                Tloc           0%         N/A       100%        6
 Storm Form               Tmut/Air       0%         N/A       100%        7
 Maxwell's Capacitive Co  Air            0%         ∞         100%        8


Dungeon Overview and Level Annotations

Branches:
Dungeon (14/15)            Temple (0/1) D:7            Lair (3/5) D:9
 Shoals (0/4) Lair:3        Snake (0/4) Lair:3          Orc (0/2) D:10
 Vaults (0/5) D:13

Altars:
Ashenzari
Cheibriados
Elyvilon
Okawaru
Qazlal
Ru
Vehumet
Xom
Yredelemnul
Zin

Shops:
D:2 (

Portals:
Ice
Cave: Lair:3

Annotations:
D:13 Urug
Lair:3 Rupert


Innate Abilities, Weirdness & Mutations

You are a tree.
Your roots penetrate the ground, keeping you stationary.
You cannot be teleported.
You are immune to unholy pain and torment.
Your maximum health is greatly increased.
Your equipment is partially melded.
((You have a pair of horns on your head.))
((You reflexively headbutt those who attack you in melee.))


Message History

Rupert hits you with a +1 great mace of holy wrath!!!
You hit Rupert.
Rupert is heavily wounded.
Rupert hits you with a +1 great mace of holy wrath!
You puncture Rupert!
Rupert is severely wounded.
You block Rupert's attack.
You hit Rupert.
Rupert is severely wounded.
Rupert barely misses you.
You impale Rupert!! You headbutt Rupert, but do no damage.
Rupert is severely wounded.
Rupert hits you with a +1 great mace of holy wrath!
You puncture Rupert!
Rupert is almost dead.
Rupert barely misses you.
You hit Rupert. Your headbutt misses Rupert.
Rupert is almost dead.
Rupert completely misses you.
You completely miss Rupert.
Rupert is almost dead.
Rupert hits you with a +1 great mace of holy wrath!
You closely miss Rupert.
Rupert is almost dead.
You barely miss Rupert. Your headbutt misses Rupert.
Rupert is almost dead.
Rupert hits you with a +1 great mace of holy wrath.
* * * LOW HITPOINT WARNING * * *
You impale Rupert!! Your headbutt misses Rupert.
Rupert is almost dead.
Rupert hits you with a +1 great mace of holy wrath!!
* * * LOW HITPOINT WARNING * * *
You turn into a tree.
Your +1 cloak melds into your body.
Your +0 pair of boots melds into your body.
Your +0 plate armour melds into your body.
Your roots penetrate the ground.
Rupert hits you with a +1 great mace of holy wrath.
* * * LOW HITPOINT WARNING * * *
Rupert hits you with a +1 great mace of holy wrath!!
You die...

#...#....'.#..55..
#...#..#.#.#.....F
##..........#.F....
#...........# #..5
##.....##......#...
#55#####P#..P...#.
#c## ###........
#@# ...........
#♣## #P.........
##..# #....P....P
#...# #..........
##.## ##P....P..P.
#..# #..P........
##.## #.....P.>...
##..# #...†.......
#..######......P...
##............!....


You could see Rupert (berserk), a centaur and 2 white imps.

Vanquished Creatures
  A broodmother (Lair:2)
  A hydra (Lair:3)
  Erica (D:8)
  A boulder beetle (D:12)
  A catoblepas (Lair:3)
  3 two-headed ogres
  Pikel (D:6)
  2 ugly things (D:12)
  3 manticores (D:12)
  2 elephants (Lair:2)
  A black mamba (Lair:2)
  A gargoyle (D:11)
  Maurice (D:8)
  Joseph (Lair:1)
  A torpor snail (Lair:2)
  7 cane toads
  6 komodo dragons
  A polar bear (Lair:2)
  2 trolls
  11 blink frogs
  A slime creature (D:12)
  A dream sheep (Lair:2)
  12 yaks
  3 wyverns
  2 basilisks
  A human (D:12)
  3 vampire mosquitoes (D:11)
  Menkaure (D:7)
  The ghost of bande the Trooper, an amateur GrFi (D:4)
  Duvessa (D:7)
  5 acid dragons
  4 nagas (Lair:3)
  8 water moccasins
  3 black bears
  5 orc warriors
  An ice beast (D:6)
  3 sky beasts (D:7)
  An ogre (D:7)
  8 wolves (Lair:2)
  6 centaurs
  3 kobold brigands
  8 bullfrogs
  A necrophage (D:8)
  6 scorpions
  11 wights
  Dowan (D:7)
  7 killer bees
  10 howler monkeys
  4 jellies
  Crazy Yiuf (D:3)
  5 orc priests
  A gnoll bouda (D:6)
  6 hounds
  9 orc wizards
  2 iguanas (D:6)
  A mummy (D:9)
  6 gnolls
  11 adders
  2 shadow imps
  4 white imps
  4 dart slugs
  25 orcs
  2 ball pythons
  6 bats
  6 endoplasms
  2 giant cockroaches
  6 goblins
  8 hobgoblins
  5 jackals
  18 kobolds
  5 quokkas
  3 frilled lizards (D:2)
  4 rats
311 creatures vanquished.

Vanquished Creatures (others)
  An adder (D:6)
  7 fungi
  29 plants
  A withered plant (D:4)
38 creatures vanquished.

Grand Total: 349 creatures vanquished

Notes
Turn   | Place    | Note
-------+----------+-------------------------------------------
     0 | D:1      | Iusername the Minotaur Fighter began the quest for the Orb.
     0 | D:1      | Reached XP level 1. HP: 19/19 MP: 0/0
    28 | D:1      | Reached XP level 2. HP: 26/27 MP: 1/1
   528 | D:2      | Reached XP level 3. HP: 33/33 MP: 2/2
   686 | D:2      | Reached skill level 1 in Dodging
   699 | D:2      | Reached skill level 3 in Polearms
   922 | D:2      | Reached XP level 4. HP: 40/40 MP: 3/3
   967 | D:2      | Found Locimem's Weapon Shop.
  1114 | D:2      | Found a faded altar of an unknown god.
  1796 | D:3      | Noticed a scorpion
  1805 | D:3      | Killed a scorpion
  1806 | D:3      | Reached skill level 4 in Polearms
  1806 | D:3      | Reached XP level 5. HP: 22/47 MP: 4/4
  2275 | D:3      | Found a runed translucent door.
  2276 | D:3      | Noticed Crazy Yiuf
  2550 | D:3      | Killed Crazy Yiuf
  2760 | D:4      | Found a runed translucent door.
  2760 | D:4      | Noticed bande's ghost (amateur GrFi)
  2768 | D:4      | Reached skill level 5 in Polearms
  2768 | D:4      | Reached skill level 5 in Shields
  2768 | D:4      | Reached XP level 6. HP: 23/53 MP: 5/5
  2953 | D:4      | Killed bande's ghost
  2954 | D:4      | Reached skill level 5 in Armour
  3121 | D:4      | Reached skill level 5 in Fighting
  3698 | D:4      | Found a radiant altar of Vehumet.
  3714 | D:4      | Found a basalt altar of Yredelemnul.
  3877 | D:5      | Entered Level 5 of the Dungeon
  3929 | D:5      | Reached skill level 6 in Polearms
  3929 | D:5      | Reached XP level 7. HP: 60/61 MP: 6/6
  4365 | D:5      | Found a white marble altar of Elyvilon.
  4528 | D:5      | Found a glowing silver altar of Zin.
  4962 | D:6      | Upgraded the game from 0.30-a0-159-g068b764562 to
                  | 0.30-a0-165-g1891117ce2
  5042 | D:6      | Reached skill level 7 in Polearms
  5176 | D:6      | Noticed Pikel
  5183 | D:6      | Killed Pikel
  5184 | D:6      | Reached skill level 8 in Polearms
  5184 | D:6      | Reached skill level 1 in Stealth
  5184 | D:6      | Reached XP level 8. HP: 62/70 MP: 7/7
  5241 | D:6      | Found a shimmering altar of Xom.
  5318 | D:6      | Reached skill level 9 in Polearms
  5496 | D:6      | Reached XP level 9. HP: 78/78 MP: 8/8
  5746 | D:7      | Reached skill level 10 in Polearms
  6371 | D:7      | Reached skill level 11 in Polearms
  6425 | D:7      | Found a sacrificial altar of Ru.
  6577 | D:7      | Found a staircase to the Ecumenical Temple.
  6599 | D:7      | Noticed Duvessa
  6599 | D:7      | Noticed Dowan
  6609 | D:7      | Killed Duvessa
  6614 | D:7      | Killed Dowan
  6641 | D:7      | Noticed Menkaure
  6650 | D:7      | Killed Menkaure
  6651 | D:7      | Reached skill level 1 in Throwing
  6651 | D:7      | Reached XP level 10. HP: 79/86 MP: 9/9
  6932 | D:8      | Noticed Erica
  6958 | D:8      | Killed Erica
  7097 | D:8      | Reached skill level 12 in Polearms
  7113 | D:8      | Noticed Maurice
  7119 | D:8      | Killed Maurice
  7660 | D:9      | Found a broken altar of Ashenzari.
  7817 | D:9      | Found a snail-covered altar of Cheibriados.
  8278 | D:9      | Found a staircase to the Lair.
  9150 | D:10     | Entered Level 10 of the Dungeon
  9192 | D:10     | Found an iron altar of Okawaru.
  9206 | D:10     | Noticed a two-headed ogre
  9219 | D:10     | Killed a two-headed ogre
  9325 | D:10     | Found a stormy altar of Qazlal.
  9367 | D:10     | Reached skill level 13 in Polearms
  9388 | D:10     | Found a staircase to the Orcish Mines.
  9708 | D:10     | Noticed a two-headed ogre
  9719 | D:10     | Killed a two-headed ogre
  9720 | D:10     | Reached skill level 10 in Armour
 10126 | D:10     | Reached XP level 11. HP: 75/95 MP: 10/10
 11014 | D:11     | Noticed a two-headed ogre
 11025 | D:11     | Killed a two-headed ogre
 11726 | D:12     | Noticed a boulder beetle
 11759 | D:12     | Killed a boulder beetle
 11760 | D:12     | Reached skill level 14 in Polearms
 11892 | D:12     | Noticed a red ugly thing
 11894 | D:12     | Noticed a green ugly thing
 11908 | D:12     | Killed a red ugly thing
 11918 | D:12     | Killed a green ugly thing
 11977 | D:12     | Reached skill level 10 in Fighting
 12010 | D:13     | Noticed a brown ugly thing
 12010 | D:13     | Noticed a centaur warrior
 12010 | D:13     | Noticed Urug
 12010 | D:13     | Noticed a two-headed ogre
 12010 | D:13     | Found a gate to the Vaults.
 12013 | D:14     | Noticed a purple ugly thing
 12013 | D:14     | Noticed a purple ugly thing
 12013 | D:14     | Noticed a tengu warrior
 12014 | D:14     | Noticed a purple ugly thing
 12513 | Lair:1   | Entered Level 1 of the Lair of Beasts
 12750 | Lair:1   | Reached skill level 15 in Polearms
 12855 | Lair:1   | Reached XP level 12. HP: 100/108 MP: 11/11
 13098 | Lair:1   | Noticed Joseph
 13118 | Lair:1   | Killed Joseph
 14445 | Lair:2   | Noticed a four-headed hydra
 14446 | Lair:2   | a four-headed hydra changed into a broodmother
 14446 | Lair:2   | Noticed a broodmother
 14464 | Lair:2   | Killed a broodmother
 14473 | Lair:2   | Reached skill level 10 in Shields
 15265 | Lair:3   | Reached skill level 1 in Evocations
 15280 | Lair:3   | Found a staircase to the Snake Pit.
 15332 | Lair:3   | Noticed a catoblepas
 15348 | Lair:3   | Killed a catoblepas
 15431 | Lair:3   | Found a frozen archway.
 15431 | Lair:3   | Noticed Rupert
 15559 | Lair:3   | Found a staircase to the Shoals.
 15562 | Lair:3   | Noticed a five-headed hydra
 15571 | Lair:3   | Killed a five-headed hydra
 15598 | Lair:3   | Reached XP level 13. HP: 100/119 MP: 12/12
 15714 | Lair:3   | Mangled by Rupert

Illustrated notes

Levels and vault maps discovered:
D:1:      scummos_arrival_checkerplants, layout_rooms
D:2:      layout_loops_ring, serial_shops, shop,
          shapermc_ecumenical_altar_mp_urbaneastern,
          chequers_serial_rivers_room_a, chequers_decorated_corner,
          minmay_hexomino_c4
D:3:      layout_rooms, chequers_serial_rivers_small_b, uniq_crazy_yiuf_cottage
D:4:      layout_gridville, mainiacjoe_overflow_swirl, gammafunk_ghost_grave,
          serial_rivers, chequers_serial_rivers_micro_a,
          chequers_serial_rivers_small_b, chequers_serial_rivers_micro_a,
          chequers_serial_rivers_large_b, chequers_serial_rivers_room_b
D:5:      layout_basic, elyvilon_altar_1, zin_scriptorium
D:6:      layout_loops_ring, xom_confusion_cloud, dk_vineyard_2, uniq_pikel
D:7:      black_bear_nest_2, layout_gridville, lemuel_crystal_altar,
          minmay_temple_entry_statues, enter_bailey_4, uniq_duvessa,
          uniq_menkaure
D:8:      layout_loops_corners, uniq_erica, uniq_maurice
D:9:      layout_gridville, chei_slow_surprise, nicolae_ashenzari_panopticon,
          dpeg_oklobed_lair
D:10:     layout_layer_cave, mainiacjoe_overflow_24_doors,
          mainiacjoe_overflow_small_starburst
D:11:     layout_loops_ring, chequers_serial_rivers_marsh
D:12:     layout_cave_pools
D:13:     gammafunk_sealed_arena, layout_grid_maze, david_vaults_3,
          nemelex_spade_bored_becter
D:14:     layout_cross, minmay_misc_feat_doors, gauntlet_entry_generic
Lair:1:   layout_chaotic_city, grunt_megastairs_4, lemuel_fruit_tree,
          uniq_joseph
Lair:2:   layout_long_grid, minmay_shattered_shrine
Lair:3:   layout_chaotic_city, minmay_shoals_entry_centaurs,
          minmay_snake_entry_guardpost_small, portal_ice_cave_entry_imps,
          uniq_rupert

Skill      XL: |  1  2  3  4  5  6  7  8  9 10 11 12 |
---------------+-------------------------------------+-----
Fighting       | 4 5 6 7 8 10 12 | 12.7
Shields        | 4 5 6 7 8 10 | 10.3
Armour         | 4 5 6 7 8 10 11 13 | 13.2
Dodging        | 1 2 3 4 |  4.4
Polearms       | 3 4 5 6 8 9 11 13 15 | 15.8
Stealth        | 1 2 |  2.6
Throwing       | 1 2 |  2.4
Evocations     | 1 |  1.0

Action                   |  1- 3 |  4- 6 |  7- 9 | 10-12 | 13-15 || total
-------------------------+-------+-------+-------+-------+-------++-------
Melee: Trident           |    82 |   104 |   262 |   801 |    22 ||  1271
       Headbutt          |     6 |     6 |    52 |   174 |     5 ||   243
Throw: Boomerang         |       |       |     4 |     7 |       ||    11
       Throwing net      |       |       |     1 |       |       ||     1
Evoke: Wand              |       |       |       |     4 |       ||     4
       Phantom mirror    |       |       |       |     1 |       ||     1
  Use: Potion            |       |     6 |     1 |    10 |     1 ||    18
       Scroll            |       |       |    15 |    15 |       ||    30
 Stab: Petrified         |       |       |       |     5 |       ||     5
Armor: Scale mail        |    33 |    27 |    74 |       |       ||   134
       Plate armour      |       |       |    36 |   282 |     5 ||   323
       Skin              |       |       |       |     8 |       ||     8
Dodge: Dodged            |    35 |    42 |   161 |   307 |    10 ||   555
Block: Buckler           |    11 |    25 |    54 |   145 |     4 ||   239

Table legend: (Time is in decaauts)
 A = Elapsed time spent in this place.
 B = Non-inter-level travel time spent in this place.
 C = Inter-level travel time spent in this place.
 D = Time resting spent in this place.
 E = Time spent auto-exploring this place.
 F = Levels seen in this place.
 G = Mean time per level.
                   A        B        C        D        E       F      G
               +--------+--------+--------+--------+--------+-----+--------+
         Total |  15398 |  14959 |    439 |   3244 |   9443 |  17 |  905.8 |
       Dungeon |  12357 |  11977 |    380 |   2506 |   7758 |  14 |  882.6 |
          Lair |   3041 |   2982 |     59 |    738 |   1685 |   3 | 1013.7 |
               +--------+--------+--------+--------+--------+-----+--------+

Top non-repeatable levels by time:
    D:10: 1548 daAuts
     D:9: 1546 daAuts
  Lair:2: 1439 daAuts
     D:3: 1290 daAuts
     D:4: 1151 daAuts
  Lair:1: 1095 daAuts
     D:5: 1077 daAuts
     D:6: 988 daAuts
    D:11: 967 daAuts
     D:2: 920 daAuts
     D:8: 914 daAuts
     D:7: 747 daAuts
    D:12: 662 daAuts
     D:1: 532 daAuts
  Lair:3: 506 daAuts
